 Dungeon Crawl Stone Soup version 0.21.1-1-g345015f (webtiles) character file.

50 kae the Insei (level 3, 0/23 HPs)
             Began as an Octopode Transmuter on May 26, 2018.
             Slain by Natasha (10 damage)
             ... on level 2 of the Dungeon.
             The game lasted 00:01:18 (1958 turns).

kae the Insei (Octopode Transmuter)                 Turns: 1958, Time: 00:01:19

Health: 0/23       AC:  1    Str:  9    XL:     3   Next: 79%
Magic:  5/6        EV: 13    Int: 15    God:
Gold:   64         SH:  3    Dex: 13    Spells: 3/6 levels left

rFire    . . .     SeeInvis .     - Unarmed
rCold    . . .     Gourm    .   l - +0 buckler
rNeg     . . .     Faith    .   (helmet restricted)
rPois    .         Spirit   .   (no amulet)
rElec    .         Reflect  .   (no ring)
rCorr    .         Harm     .   (no ring)
MR       .....                  (no ring)
Stlth    ++........             (no ring)
HPRegen  0.07/turn              (no ring)
MPRegen  0.10/turn              (no ring)
                                (no ring)
                                (no ring)

@: lethally poisoned (0 -> -2), slowed, very slow
A: almost no armour, stealthy swim, amphibious, 8 rings, constrict 8, camouflage
1, gelatinous body 1
a: no special abilities


You were on level 2 of the Dungeon.
You were very hungry.

You visited 1 branch of the dungeon, and saw 2 of its levels.

You collected 64 gold pieces.

Inventory:

Missiles
 a - 11 arrows
Armour
 l - a +0 buckler (worn)
Scrolls
 f - 2 scrolls of teleportation {unknown}
 g - a scroll of amnesia {unknown}
 k - a scroll of identify {unknown}
 m - a scroll of enchant weapon {unknown}
Potions
 d - a potion of heal wounds {unknown}
 e - 2 potions of flight {unknown}
 h - a potion of curing {unknown}
 i - a potion of lignification {unknown}
 j - a potion of agility {unknown}
 n - a potion of might {unknown}
Books
 b - a book of Changes

   Spells                             Type                      Level
   a - Beastly Appendage              Transmutation                1
   b - Sticks to Snakes               Transmutation                2
   c - Spider Form                    Transmutation/Poison         3
   d - Ice Form                       Ice/Transmutation            4
   e - Blade Hands                    Transmutation                5
Comestibles
 c - 8 rations


   Skills:
 + Level 1.6 Fighting
 + Level 2.2 Dodging
 + Level 0.1 Shields
 * Level 3.5 Unarmed Combat
 + Level 2.2 Spellcasting
 * Level 2.6 Transmutations


You had 3 spell levels left.
You knew the following spells:

 Your Spells              Type           Power        Failure   Level  Hunger
a - Beastly Appendage     Tmut           #.....       12%         1    #......
b - Sticks to Snakes      Tmut           #.......     19%         2    ###....


Dungeon Overview and Level Annotations

Branches:
Dungeon (2/15)

Altars:

Annotations:
D:2 Natasha


Innate Abilities, Weirdness & Mutations

You cannot wear most types of armour.
You are very stealthy in the water. (Stealth+)
You are amphibious.
You can wear up to eight rings at the same time.
You can use your tentacles to constrict eight enemies at once.
Your skin changes colour to match your surroundings (Stealth+).
Your rubbery body absorbs attacks. (AC +1, EV +1)


Message History

The adder poisons you!
You feel sick. Natasha claws you.
Your ball python barely misses Natasha. x2
The adder closely misses you.
Natasha stares at you and mumbles some strange words.
You feel as though you will be slow longer.
You tentacle-slap Natasha. Your grab misses Natasha.
Natasha is heavily wounded.
Your ball python barely misses Natasha.
Your ball python closely misses Natasha.
The adder misses you. You block Natasha's attack.
Your ball python bites Natasha.
Your ball python barely misses Natasha.
You block the adder's attack. Natasha completely misses you.
You tentacle-slap Natasha. Your grab misses Natasha.
Your squeeze misses Natasha.
Natasha is severely wounded.
You feel sick.
Your ball python bites Natasha but does no damage.
Your ball python grabs Natasha.
Your ball python constricts Natasha.
The adder closely misses you. Natasha claws you!
You die...

#.# ..#
#.............##...
#.#
#.......########...
#.#
#.......#########..
#.#
#...............'..
#.#
#.......#########..
#.# #.......# #..
#.# #.####### ###
#.# ..##.#S## #.#
>......h@# #.#
.......S.# #.#
.........# #.#
.........# #.#
#..##.#'#. #.# ...
#.#.#. #.# ..
#.#.#.. #.#.. #. ..
#.#.### #.#.# ..#


You could see Natasha, an adder and a friendly ball python.

Vanquished Creatures
  A gnoll (D:2)
  A worm (D:2)
  A dart slug (D:1)
  5 bats (D:1)
  2 giant cockroaches (D:1)
  5 goblins
  5 hobgoblins (D:1)
  4 jackals (D:1)
  2 ball pythons
  3 frilled lizards (D:1)
  4 rats
33 creatures vanquished.

Notes
Turn   | Place    | Note
-------+----------+-------------------------------------------
     0 | D:1      | kae the Octopode Transmuter began the quest for the Orb.
     0 | D:1      | Reached XP level 1. HP: 13/13 MP: 3/3
   114 | D:1      | Reached XP level 2. HP: 10/18 MP: 3/5
   584 | D:1      | Reached XP level 3. HP: 14/23 MP: 6/6
  1499 | D:2      | Learned a level 2 spell: Sticks to Snakes
  1950 | D:2      | Noticed Natasha
  1958 | D:2      | Slain by Natasha

Action                   || total
-------------------------++-------
Melee: Unarmed           ||    79
       Constrict         ||    18
       Tentacles         ||    15
       Kick              ||     9
 Cast: Beastly Appendage ||    11
       Sticks to Snakes  ||     1
 Stab: Sleeping          ||     7
  Eat: Chunk             ||     2
Armor: Skin              ||     3
Dodge: Dodged            ||    55
Block: Buckler           ||     4
